 Dungeon Crawl Stone Soup version 0.19.0-11-g3fc08b3 (console) character file.

65 Morrissey the Chopper (level 3, -5/31 HPs)
             Began as a Minotaur Gladiator on Nov 10, 2016.
             Slain by Sigmund
             ... wielding a +0 scythe
              (6 damage)
             ... on level 2 of the Dungeon.
             The game lasted 00:01:56 (1476 turns).

Morrissey the Chopper (Minotaur Gladiator)          Turns: 1476, Time: 00:01:57

Health: -5/31      AC:  3    Str: 24    XL:     3   Next: 92%
Magic:  11/11      EV: 13    Int:  5    God:
Gold:   76         SH:  0    Dex: 11    Spells: 0 memorised, 2 levels left

rFire  . . .     SeeInvis .     a - +0 war axe
rCold  . . .     Gourm    .     b - +0 leather armour
rNeg   . . .     Faith    .     (no shield)
rPois  .         Spirit   .     c - +0 hat
rElec  .         Reflect  .     (no cloak)
rCorr  .         Harm     .     (no gloves)
MR     .....                    (no boots)
Stlth  +.........               (no amulet)
                                (no ring)
                                q - ring of magical power

@: mighty
A: retaliatory headbutt, horns 2
a: no special abilities


You were on level 2 of the Dungeon.
You were not hungry.

You visited 1 branch of the dungeon, and saw 2 of its levels.

You collected 76 gold pieces.

Inventory:

Hand Weapons
 a - a +0 war axe (weapon)
Armour
 b - a +0 leather armour (worn)
 c - a +0 hat (worn)
Jewellery
 q - a ring of magical power (left hand)
Scrolls
 e - 4 scrolls of identify {unknown}
 h - 2 scrolls of magic mapping {unknown}
 j - a scroll of enchant armour {unknown}
 k - a scroll of recharging {unknown}
 l - a scroll of remove curse {unknown}
 n - a scroll of teleportation {unknown}
 r - a scroll of noise {unknown}
Potions
 i - a potion of might
 m - a potion of berserk rage {unknown}
 o - a potion of curing {unknown}
 p - a potion of mutation {unknown}
Comestibles
 f - a bread ration
 g - a meat ration


   Skills:
 + Level 3.0 Fighting
 * Level 4.8 Axes
 - Level 2.0 Throwing
 + Level 1.6 Armour
 + Level 3.7 Dodging


You had 2 spell levels left.
You didn't know any spells.

Dungeon Overview and Level Annotations

Branches:
Dungeon (2/15)

Altars:
Sif Muna

Annotations:
D:2 Sigmund


Innate Abilities, Weirdness & Mutations

You reflexively headbutt those who attack you in melee.
You have a pair of horns on your head.


Message History

You hear some strange, mumbled words.
A magic dart appears from out of thin air!
The magic dart hits you!
Something wriggles in the net.
You slash something!
Something wriggles in the net.
All of a sudden the net rips apart!
You closely miss something.
You hear some strange, mumbled words.
A magic dart appears from out of thin air!
The magic dart hits you!
You barely miss something. Something hits you!
* * * LOW HITPOINT WARNING * * *
You closely miss something. You headbutt something. Something hits you.
* * * LOW HITPOINT WARNING * * *
Fire/throw which item? (* to show all) (? for menu, Esc to quit)
Press: ? - help, Shift-Dir - straight line You throw a throwing net.
Something hits you!
* * * LOW HITPOINT WARNING * * *
It was a potion of might.
You feel very mighty all of a sudden. Something hits you.
You die...

#.#
#######.############
........(รท..>(.(...#
######.##########.#
##...## #.# #.....#
#.# ##...## #.# ##.##
#.# #@# #.# #.# #.##
#'# #..# #.(.#
####.#### #.....#
#.......# #.....?.#
#..#.##.#
#.........####.....#(#
+.........+......#....
#.........####.....#.#


There were no monsters in sight!

Vanquished Creatures
  Jessica (D:2)
  A worm (D:2)
  A dart slug (D:1)
  2 leopard geckos (D:1)
  A giant cockroach (D:1)
  7 goblins
  3 hobgoblins
  2 jackals (D:1)
  4 bats (D:1)
  2 frilled lizards
  2 kobolds (D:2)
  5 rats
31 creatures vanquished.

Notes
Turn   | Place    | Note
-------+----------+-------------------------------------------
     0 | D:1      | Morrissey the Minotaur Gladiator began the quest for the Orb.
     0 | D:1      | Reached XP level 1. HP: 18/18 MP: 0/0
   228 | D:1      | Reached skill level 4 in Axes
   351 | D:1      | Reached XP level 2. HP: 24/25 MP: 1/1
   953 | D:1      | Reached skill level 1 in Armour
   981 | D:2      | Noticed Jessica
   985 | D:2      | Killed Jessica
   985 | D:2      | Reached XP level 3. HP: 30/30 MP: 2/2
  1293 | D:2      | Found a deep blue altar of Sif Muna.
  1461 | D:2      | Noticed Sigmund
  1473 | D:2      | HP: 1/31 [something (7)]
  1476 | D:2      | Slain by Sigmund

Skill      XL: |  1  2  3 |
---------------+----------+-----
Axes           | 4 |  4.8
Armour         | 1 |  1.6
Fighting       | 3 |  3.0
Throwing       | |  2.0
Dodging        | |  3.7

Action                   || total
-------------------------++-------
Melee: War axe           ||    68
       Headbutt          ||     7
Throw: Throwing net      ||     3
  Use: Potion            ||     1
  Eat: Chunk             ||     2
Armor: Leather armour    ||     9
Dodge: Dodged            ||    41
